Map: Pillars of Gold LE

Players

Reynor - Winner!

  • Race: Zerg Zerg
  • Spawn Location: 1:00

Trap

  • Race: Protoss Protoss
  • Spawn Location: 7:00

Event: War Chest Team League

VOD

Have the link to the VOD?

Description

Time

  • Played on: July 31, 2020, 8:47 a.m.
  • Length: 11:14
Show
View Real Time Build Order
Export as new Build Order

Reynor Zerg - Winner!

Build Orders: Hatch First 

Get SALT Encoding   

  12  0:00  Drone  
  13  0:12  Overlord  
  13  0:17  Drone  
  14  0:31  Drone  
  15  0:46  Hatchery  
  15  0:50  Drone  
  15  0:54  Drone  
  16  0:57  Drone  
  17  1:09  Drone  
  18  1:12  Extractor  
  17  1:19  Spawning Pool  
  17  1:23  Drone  
  17  1:26  Drone  
  18  1:33  Drone  
  19  1:44  Drone  
  20  1:54  Drone  
  20  1:58  Drone  
  22  2:06  Queen x2  
  22  2:07  Zergling x2  
  27  2:14  Overlord  
  27  2:18  Metabolic Boost  
  27  2:23  Zergling x2  
  28  2:32  Drone x2  
  28  2:33  Drone  
  31  2:47  Hatchery  
  31  2:48  Drone  
  31  2:51  Drone  
  32  2:55  Overlord  
  32  2:57  Drone  
  33  3:00  Drone  
  33  3:02  Drone  
  35  3:11  Drone  
  35  3:13  Queen  
  35  3:14  Drone  
  35  3:16  Drone  
  39  3:20  Overlord  
  39  3:22  Drone  
  39  3:23  Drone  
  39  3:26  Drone  
  42  3:27  Drone  
  43  3:39  Zergling x4  
  43  3:40  Drone x2  
  47  3:44  Queen  
  47  3:47  Overlord  
  47  3:48  Zergling x4  
  51  3:52  Overlord  
  51  3:59  Drone x3  
  51  4:00  Queen  
  56  4:03  Zergling x2  
  56  4:07  Roach Warren  
  56  4:12  Zergling x6  
  56  4:17  Zergling x6  
  61  4:20  Zergling x2, Spine Crawler  
  62  4:24  Overlord  
  62  4:26  Zergling x2  
  62  4:27  Zergling x2  
  62  4:31  Zergling x2  
  65  4:35  Zergling x2, Spore Crawler  
  65  4:43  Zergling x6  
  65  4:44  Zergling x2  
  69  4:46  Overlord  
  69  4:52  Roach x2  
  73  4:55  Overlord  
  73  4:58  Overlord  
  73  5:06  Roach x4  
  81  5:07  Overlord  
  81  5:16  Roach  
  81  5:17  Roach  
  81  5:18  Drone x4  
  81  5:21  Drone  
  90  5:22  Drone  
  90  5:25  Drone  
  90  5:27  Spore Crawler  
  91  5:28  Lair  
  91  5:31  Drone  
  91  5:33  Roach  
  91  5:34  Drone  
  96  5:42  Roach  
  96  5:45  Roach x2  
  94  5:55  Zergling x6, Roach x2  
  86  5:58  Zergling x2  
  87  6:05  Zergling x2, Roach  
  87  6:09  Zergling x2, Queen x2  
  87  6:10  Zergling x2  
  87  6:11  Zergling x4  
  89  6:17  Zergling x4  
  85  6:20  Zergling x2  
  78  6:28  Zergling x4  
  78  6:30  Zergling x2  
  75  6:37  Queen  
  73  6:41  Zergling x10  
  73  6:44  Queen  
  73  6:46  Drone  
  78  6:53  Zergling x4  
  77  6:55  Drone  
  77  6:58  Drone x2  
  74  7:04  Zergling x2  
  66  7:09  Extractor, Drone x2  
  62  7:16  Drone  
  62  7:17  Drone  
  62  7:18  Drone x2  
  66  7:23  Drone x2  
  66  7:27  Drone  
  68  7:30  Drone  
  68  7:33  Drone  
  68  7:35  Extractor  
  69  7:38  Extractor, Drone x4  
  69  7:43  Roach  
  72  7:45  Roach  
  74  7:52  Evolution Chamber  
  74  7:53  Evolution Chamber x2  
  74  7:55  Zergling x4, Roach x3  
  74  7:56  Zergling x2  
  80  7:59  Zergling x2, Roach  
  80  8:00  Zergling x2  
  80  8:02  Zergling x2  
  83  8:06  Zergling x2, Roach  
  83  8:08  Zergling x2  
  83  8:10  Drone x2  
  89  8:15  Overlord  
  89  8:18  Roach  
  89  8:19  Drone  
  91  8:22  Drone  
  91  8:24  Ravager  
  93  8:28  Evolution Chamber  
  93  8:31  Drone x4  
  95  8:37  Zergling x6, Roach  
  95  8:39  Drone x2  
  103  8:42  Evolution Chamber  
  103  8:46  Ravager  
  103  8:47  Ravager, Overlord  
  104  8:49  Zergling x4  
  99  8:56  Overlord  
  99  9:01  Zergling x2, Roach  
  93  9:04  Zergling x2, Roach x2  
  93  9:07  Zergling x4, Roach  
  99  9:10  Roach  
  99  9:11  Roach  
  99  9:14  Ravager  
  99  9:15  Ravager  
  103  9:17  Zergling x2  
  103  9:18  Queen  
  103  9:19  Roach  
  103  9:22  Roach  
  104  9:26  Roach  
  100  9:33  Zergling x10  
  103  9:41  Glial Reconstitution, Drone  
  102  9:46  Ravager  
  102  9:47  Drone x3  
  108  9:53  Ravager  
  108  9:55  Zergling x4  
  108  9:59  Overlord  
  109  10:01  Ravager  
  109  10:02  Zergling x8  
  111  10:07  Ravager  
  111  10:09  Evolution Chamber  
  111  10:13  Zergling x6, Roach x2  
  111  10:15  Roach  
  106  10:22  Roach  
  106  10:26  Roach x2  
  106  10:27  Queen x2  
  110  10:29  Zergling x2, Roach  
  110  10:31  Zergling x4  
  110  10:35  Zergling x2, Roach  
  115  10:42  Ravager  
  113  10:43  Zergling x4, Roach x2  
  113  10:46  Zergling x2, Roach  
  113  10:49  Zergling x2  
  117  10:52  Roach  
  117  10:54  Roach  
Show
View Real Time Build Order
Export as new Build Order

Trap Protoss 

Build Orders: 1 Gate Expand 

Get SALT Encoding   

  12  0:00  Probe  
  13  0:14  Pylon  
  13  0:18  Probe (Chrono Boost)  
  14  0:27  Probe (Chrono Boost)  
  15  0:32  Probe (Chrono Boost)  
  16  0:42  Gateway  
  16  0:44  Probe  
  17  0:51  Assimilator  
  17  0:56  Probe  
  18  1:08  Probe  
  19  1:20  Probe  
  20  1:29  Nexus  
  20  1:39  Cybernetics Core  
  20  1:41  Probe  
  21  1:49  Assimilator  
  21  1:53  Probe  
  22  2:01  Pylon  
  22  2:06  Probe  
  23  2:15  Warp Gate  
  23  2:16  Adept (Chrono Boost)  
  23  2:19  Probe (Chrono Boost)  
  26  2:29  Twilight Council  
  27  2:30  Probe (Chrono Boost)  
  27  2:35  Probe (Chrono Boost)  
  28  2:41  Stalker  
  28  2:43  Probe (Chrono Boost)  
  32  2:53  Probe (Chrono Boost)  
  32  2:54  Probe (Chrono Boost)  
  32  2:58  Robotics Facility, Probe (Chrono Boost)  
  33  3:02  Probe  
  35  3:11  Probe  
  36  3:14  Probe  
  36  3:16  Gateway  
  36  3:18  Resonating Glaives (Chrono Boost)  
  37  3:24  Adept  
  37  3:25  Probe  
  40  3:27  Probe  
  41  3:40  Gateway x2  
  41  3:45  Warp Prism (Chrono Boost)  
  41  3:55  Pylon  
  43  3:56  Probe  
  45  4:02  Probe  
  45  4:05  Assimilator  
  45  4:13  Gateway  
  45  4:14  Observer (Chrono Boost)  
  45  4:15  Gateway  
  45  4:16  Adept  
  48  4:18  Adept  
  50  4:24  Pylon  
  50  4:28  Pylon  
  50  4:40  Pylon  
  50  4:42  Adept x3, Pylon  
  56  4:46  Adept  
  58  4:54  Pylon  
  58  5:10  Adept  
  58  5:11  Adept x5  
  70  5:32  Adept x6  
  82  5:37  Pylon  
  82  5:53  Adept x2  
  82  5:54  Adept x3  
  82  5:55  Sentry  
  68  6:16  Adept x5  
  76  6:19  Adept  
  70  6:39  Probe x2  
  68  6:48  Adept x6  
  80  6:57  Assimilator  
  78  7:05  Immortal (Chrono Boost)  
  68  7:15  Adept  
  68  7:16  Adept x4  
  68  7:21  Adept  
  78  7:31  Probe x2  
  78  7:36  Immortal (Chrono Boost)  
  84  7:45  Adept  
  84  7:47  Adept x2  
  84  7:48  Adept  
  84  7:49  Adept  
  91  8:06  Immortal (Chrono Boost)  
  93  8:18  Adept x5  
  101  8:24  Pylon  
  101  8:42  Sentry x3  
  101  8:43  Adept  
  101  8:47  Pylon x2  
  105  8:57  Warp Prism (Chrono Boost)  
  93  9:05  Sentry x3  
  93  9:06  Adept  
  97  9:22  Sentry x2  
  89  9:36  Observer  
  87  9:43  Adept  
  87  9:44  Adept x3  
  87  9:45  Adept x2  
  95  10:00  Sentry  
  95  10:01  Sentry, Adept x2  
  95  10:04  Adept  
  95  10:05  Adept  
  93  10:21  Adept x3  
  85  10:23  Adept  
  67  10:36  Adept x2  
  67  10:42  Sentry x2, Adept  
Tags
 
Add a new tag
Caveats
  • Supply blocks, unpowered buildings, or Contaminate may cause inaccurate times.
  • Supply counts are checked every 10 seconds.